Map: Abiogenesis LE

Players

Dark

  • Race: Zerg Zerg
  • Spawn Location: 5:00

Trap - Winner!

  • Race: Protoss Protoss
  • Spawn Location: 11:00

Event: IEM Season 12 - Katowice

VOD

Have the link to the VOD?

Description

Time

  • Played on: March 3, 2018, 6:37 a.m.
  • Length: 16:01

All games in this series

Show
View Real Time Build Order
Export as new Build Order

Dark Zerg 

Build Orders: Pool First 

Get SALT Encoding   

  12  0:00  Drone  
  13  0:12  Overlord  
  13  0:17  Drone  
  14  0:30  Drone  
  14  0:31  Drone  
  14  0:35  Drone  
  17  0:47  Drone, Extractor  
  17  0:49  Spawning Pool  
  16  0:56  Drone  
  17  1:07  Drone  
  18  1:23  Drone  
  19  1:26  Hatchery  
  19  1:29  Drone  
  19  1:39  Zergling x2  
  20  1:41  Queen  
  22  1:47  Metabolic Boost  
  22  2:00  Overlord  
  22  2:18  Queen  
  22  2:20  Drone x2  
  26  2:23  Drone  
  27  2:37  Hatchery  
  27  2:39  Drone  
  27  2:45  Drone x2  
  28  2:53  Drone  
  28  2:56  Drone  
  28  2:58  Drone  
  31  3:00  Zergling x2  
  31  3:01  Zergling x4  
  34  3:08  Overlord  
  34  3:10  Zergling x2  
  35  3:26  Queen  
  36  3:31  Drone  
  36  3:32  Drone x5  
  39  3:41  Spore Crawler  
  39  3:43  Queen  
  41  3:48  Drone  
  41  3:50  Drone  
  41  3:53  Drone x2  
  44  4:00  Queen  
  47  4:02  Drone  
  47  4:05  Drone  
  48  4:10  Drone  
  48  4:16  Drone x2  
  49  4:18  Spore Crawler, Overlord  
  49  4:20  Drone  
  49  4:33  Roach Warren, Extractor  
  49  4:34  Extractor  
  49  4:37  Drone  
  49  4:38  Drone x2  
  49  4:44  Overlord  
  49  4:51  Overlord  
  49  4:57  Drone  
  49  4:58  Drone  
  49  4:59  Drone  
  50  5:02  Overlord  
  50  5:04  Zergling x10  
  50  5:05  Drone x3  
  58  5:10  Drone x2  
  60  5:19  Roach x2  
  60  5:20  Roach  
  65  5:22  Roach  
  65  5:24  Roach  
  65  5:26  Roach  
  71  5:30  Roach  
  71  5:34  Overlord  
  73  5:46  Overlord  
  73  5:49  Lair  
  73  5:54  Drone x8  
  73  5:56  Drone  
  82  6:01  Evolution Chamber, Overlord  
  81  6:05  Ravager x4  
  81  6:06  Ravager  
  86  6:12  Drone x4  
  90  6:20  Roach x2  
  90  6:23  Drone x2, Ravager  
  97  6:26  Zerg Missile Weapons Level 1  
  97  6:30  Extractor  
  97  6:31  Drone  
  97  6:33  Overlord  
  97  6:34  Overlord  
  97  6:36  Overlord  
  96  6:44  Drone  
  97  6:47  Overseer  
  97  6:48  Glial Reconstitution  
  97  6:53  Roach x4  
  105  6:55  Drone x4  
  109  7:06  Drone x4  
  113  7:08  Extractor x2  
  110  7:15  Drone x2  
  110  7:16  Drone  
  110  7:18  Overlord x2  
  110  7:22  Hatchery  
  111  7:26  Baneling Nest  
  109  7:31  Drone x3  
  109  7:33  Drone  
  109  7:34  Drone x2  
  115  7:38  Hatchery  
  114  7:46  Roach x2  
  114  7:49  Roach  
  114  7:50  Roach x7  
  132  7:56  Ravager x2  
  134  8:03  Overlord x3  
  134  8:04  Overlord  
  134  8:12  Centrifical Hooks  
  134  8:16  Drone x4  
  134  8:18  Overlord  
  137  8:24  Drone x3  
  137  8:25  Zerg Melee Weapons Level 1  
  140  8:30  Zergling x2  
  140  8:31  Zergling x10  
  140  8:33  Baneling x5  
  145  8:38  Zergling x10  
  150  8:45  Zergling x10  
  150  8:48  Zergling x6  
  158  8:55  Drone, Zergling x6  
  162  8:59  Baneling  
  162  9:00  Baneling x16  
  162  9:01  Baneling x5  
  162  9:03  Ravager  
  162  9:04  Ravager x3  
  162  9:05  Zergling x6  
  162  9:08  Drone  
  170  9:10  Evolution Chamber  
  170  9:12  Zergling x10  
  174  9:19  Zergling x2  
  174  9:20  Zergling x12  
  174  9:22  Zergling x2  
  174  9:23  Zergling x4  
  184  9:30  Overlord  
  184  9:31  Overlord x2  
  184  9:33  Drone x2  
  184  9:34  Spore Crawler  
  184  9:36  Zergling x8  
  189  9:39  Baneling x4  
  189  9:40  Baneling x5  
  189  9:47  Zergling x2  
  161  10:05  Zergling x36  
  159  10:13  Roach x4  
  153  10:14  Zergling x2  
  153  10:15  Infestation Pit, Zergling x2  
  153  10:16  Baneling x8  
  153  10:18  Zergling x4  
  156  10:23  Ravager x3  
  156  10:24  Zergling x8  
  163  10:30  Baneling  
  163  10:31  Baneling x5  
  163  10:32  Drone  
  163  10:34  Zergling x8  
  168  10:38  Zergling x10  
  168  10:39  Baneling x3  
  168  10:40  Baneling x2, Zergling x2  
  168  10:41  Zergling x2  
  155  10:57  Zergling x2  
  155  10:58  Zergling x10  
  151  11:06  Hive, Zergling x14  
  151  11:07  Zerg Melee Weapons Level 2  
  151  11:09  Zerg Missile Weapons Level 2  
  151  11:11  Zergling x2  
  159  11:17  Zergling x2  
  159  11:18  Zergling x14  
  161  11:22  Zergling x2  
  161  11:23  Zergling x8  
  161  11:24  Hatchery  
  161  11:26  Baneling x4  
  161  11:28  Zergling x2  
  162  11:36  Hydralisk Den  
  162  11:39  Drone x4  
  166  11:40  Drone  
  166  11:41  Zergling x12  
  166  11:43  Baneling x3  
  166  11:46  Zergling x6  
  173  11:48  Baneling  
  173  11:49  Baneling x7  
  173  11:51  Zergling x4  
  174  12:13  Grooved Spines  
  174  12:16  Drone x3  
  174  12:18  Adrenal Glands, Hydralisk x3  
  174  12:19  Hydralisk x8  
  199  12:31  Extractor  
  199  12:32  Spine Crawler  
  199  12:33  Drone x2  
  199  12:34  Drone, Spine Crawler  
  199  12:39  Overseer x2, Baneling x8  
  193  12:55  Hydralisk x3  
  193  13:00  Zergling x8  
  193  13:01  Zergling x4, Hydralisk x2  
  193  13:04  Baneling x3  
  193  13:05  Baneling x7, Zergling x8  
  175  13:06  Zergling x2  
  175  13:07  Zergling x4  
  175  13:10  Zergling x2  
  175  13:11  Zergling x4  
  178  13:14  Zergling x4  
  178  13:15  Zergling x6  
  177  13:23  Zergling x4  
  177  13:24  Muscular Augments  
  175  13:31  Hydralisk x2  
  176  13:34  Zergling x14  
  176  13:35  Baneling  
  176  13:36  Baneling  
  176  13:37  Baneling x8  
  183  13:42  Zergling x10  
  188  13:49  Zergling x12  
  189  13:56  Zergling x10  
  189  13:57  Zergling x6  
  189  13:59  Baneling x12  
  189  14:01  Zergling x4  
  172  14:03  Zergling x2  
  172  14:15  Zergling x18  
  148  14:19  Zergling x2  
  131  14:28  Zergling x10  
  131  14:31  Zergling x4  
  107  14:36  Hydralisk x2  
  91  14:40  Zergling x2  
  91  14:41  Zergling x4  
  91  14:43  Baneling x8  
  91  14:44  Baneling x2  
  91  14:45  Zergling x2  
  89  14:46  Baneling x2  
  89  14:48  Baneling x4  
  89  14:49  Zergling x4  
  89  14:50  Baneling x3  
  89  14:52  Hydralisk  
  89  14:55  Hydralisk  
  89  14:57  Baneling  
  89  14:58  Baneling x2  
  89  14:59  Hydralisk x2  
  92  15:03  Zergling x2  
  92  15:06  Baneling x3, Hydralisk  
  96  15:11  Zergling x2  
  96  15:12  Zergling x2  
  98  15:14  Hydralisk  
  98  15:18  Hydralisk  
  94  15:24  Zergling x4  
  94  15:26  Hydralisk  
  94  15:27  Hydralisk  
  93  15:30  Hydralisk  
Show
View Real Time Build Order
Export as new Build Order

Trap Protoss - Winner!

Build Orders: 1 Gate Expand, Oracle Opening, Phoenix Opening, Archon Immortal 

Get SALT Encoding   

  12  0:00  Probe  
  13  0:12  Probe  
  14  0:17  Pylon  
  14  0:24  Probe (Chrono Boost)  
  15  0:37  Probe (Chrono Boost)  
  15  0:40  Gateway  
  16  0:45  Probe (Chrono Boost)  
  17  0:51  Probe  
  17  0:54  Assimilator  
  18  1:03  Probe  
  19  1:14  Pylon  
  19  1:15  Probe  
  20  1:31  Cybernetics Core  
  21  1:37  Nexus  
  20  1:41  Probe  
  21  1:49  Pylon  
  21  1:53  Probe  
  22  1:57  Assimilator  
  22  2:06  Probe, Adept (Chrono Boost)  
  25  2:12  Warp Gate  
  25  2:18  Probe  
  26  2:30  Probe  
  26  2:31  Adept  
  29  2:37  Stargate  
  30  2:45  Probe (Chrono Boost)  
  30  2:49  Probe (Chrono Boost)  
  31  2:56  Adept (Chrono Boost)  
  33  2:59  Probe x2 (Chrono Boost)  
  33  3:04  Probe (Chrono Boost)  
  35  3:07  Probe  
  37  3:15  Adept, Probe  
  37  3:18  Oracle (Chrono Boost)  
  37  3:19  Probe  
  41  3:24  Pylon  
  43  3:36  Probe x2  
  41  3:43  Gateway  
  41  3:44  Gateway  
  41  3:48  Phoenix (Chrono Boost)  
  43  3:53  Twilight Council  
  43  3:54  Probe  
  44  3:56  Probe  
  44  4:02  Pylon  
  45  4:04  Adept  
  45  4:07  Probe  
  45  4:09  Probe  
  49  4:20  Probe  
  49  4:21  Probe  
  49  4:24  Resonating Glaives (Chrono Boost), Assimilator  
  51  4:25  Assimilator  
  51  4:28  Pylon  
  51  4:36  Probe x2  
  53  4:39  Adept x3  
  53  4:42  Pylon  
  59  4:49  Probe x2  
  61  5:01  Robotics Facility  
  61  5:03  Robotics Facility  
  61  5:09  Adept x2  
  61  5:10  Adept  
  67  5:19  Pylon  
  67  5:31  Pylon  
  67  5:35  Adept x3  
  73  5:48  Immortal (Chrono Boost)  
  81  6:06  Immortal (Chrono Boost)  
  81  6:13  Gateway x2  
  81  6:15  Sentry x3, Gateway  
  81  6:17  Pylon  
  87  6:21  Immortal (Chrono Boost)  
  91  6:34  Immortal (Chrono Boost)  
  95  6:41  Nexus  
  95  6:45  Charge  
  95  6:47  Pylon  
  96  6:55  Observer (Chrono Boost)  
  96  6:58  Probe x2  
  98  7:06  Templar Archives, Immortal  
  102  7:10  Forge  
  102  7:15  Probe (Chrono Boost)  
  104  7:18  Probe (Chrono Boost)  
  104  7:21  Immortal  
  108  7:26  Pylon  
  108  7:27  Probe (Chrono Boost)  
  110  7:31  Probe (Chrono Boost)  
  110  7:37  Protoss Ground Weapons Level 1 (Chrono Boost)  
  110  7:44  Probe  
  110  7:45  Gateway x2  
  110  7:51  Immortal  
  115  8:01  Immortal  
  115  8:03  Probe x2  
  115  8:04  Probe  
  122  8:11  Pylon  
  122  8:13  Pylon  
  122  8:22  High Templar  
  122  8:23  High Templar  
  122  8:25  Assimilator  
  122  8:26  Probe x2, Assimilator  
  125  8:28  Probe  
  125  8:31  Archon  
  128  8:34  Photon Cannon  
  128  8:37  Warp Prism (Chrono Boost)  
  128  8:39  High Templar x2  
  134  8:41  Immortal (Chrono Boost)  
  136  8:51  Zealot x3  
  142  9:00  Psionic Storm  
  142  9:05  Protoss Ground Weapons Level 2 (Chrono Boost)  
  142  9:14  Probe x3  
  145  9:18  Zealot x2  
  145  9:22  Pylon  
  145  9:24  Pylon  
  149  9:27  Pylon  
  149  9:28  Pylon  
  149  9:33  Shield Battery  
  149  9:34  Shield Battery  
  149  9:35  Photon Cannon  
  149  9:43  High Templar x2  
  149  9:44  Zealot x3  
  149  9:45  Zealot  
  161  9:50  Observer  
  161  9:51  Zealot x2  
  166  9:53  Archon  
  166  9:54  Archon  
  126  10:08  Zealot  
  126  10:09  Zealot x3  
  130  10:17  High Templar x2  
  130  10:18  High Templar x2  
  136  10:30  Shield Battery, Photon Cannon  
  136  10:33  Nexus  
  136  10:36  Zealot x4  
  136  10:39  Pylon  
  143  10:55  Zealot x4  
  129  11:00  Zealot x2, Protoss Ground Weapons Level 3 (Chrono Boost)  
  129  11:01  Zealot x2  
  129  11:04  Immortal x2 (Chrono Boost)  
  130  11:20  Nexus  
  126  11:26  High Templar  
  126  11:27  High Templar x3  
  126  11:30  Archon x2  
  126  11:31  High Templar x2  
  126  11:32  Zealot x2  
  142  11:36  Archon  
  142  11:37  Photon Cannon  
  142  11:43  Pylon  
  142  11:53  Zealot x2, Immortal (Chrono Boost)  
  142  11:54  Immortal (Chrono Boost)  
  150  12:22  Fleet Beacon, Photon Cannon  
  150  12:23  Photon Cannon  
  150  12:25  Photon Cannon  
  150  12:27  High Templar x2, Dark Shrine  
  150  12:28  Assimilator  
  150  12:29  High Templar  
  156  12:32  Assimilator  
  156  12:34  High Templar  
  156  12:36  Archon  
  158  12:38  Archon  
  158  12:40  Zealot x4  
  137  13:01  Zealot x7  
  135  13:09  Zealot  
  130  13:16  Observer  
  130  13:18  Probe (Chrono Boost)  
  130  13:19  Probe (Chrono Boost)  
  134  13:24  Probe x2 (Chrono Boost)  
  135  13:28  Probe x2 (Chrono Boost)  
  135  13:29  High Templar x2  
  135  13:32  Probe x2 (Chrono Boost), High Templar  
  135  13:33  Archon, High Templar  
  146  13:36  Archon  
  146  13:39  Probe x2  
  148  13:43  Probe  
  139  14:04  Zealot x3  
  139  14:05  Zealot x5  
  151  14:15  Archon  
  96  14:33  Zealot x2  
  96  14:34  Zealot x4, High Templar x2  
  102  14:43  Probe (Chrono Boost)  
  102  14:47  Probe (Chrono Boost), Warp Prism (Chrono Boost)  
  102  14:48  Probe x2 (Chrono Boost)  
  104  14:52  Observer (Chrono Boost)  
  104  14:54  Probe (Chrono Boost)  
  104  14:57  Probe (Chrono Boost)  
  105  15:04  High Templar  
  105  15:05  Zealot, High Templar  
  105  15:06  Zealot x4  
  119  15:09  Archon  
  105  15:21  Archon  
  105  15:28  Zealot x6  

Tags
 
Add a new tag
Caveats
  • Supply blocks, unpowered buildings, or Contaminate may cause inaccurate times.
  • Supply counts are checked every 10 seconds.